 Dungeon Crawl Stone Soup version 0.29.1-12-g30fa7ad0bf (webtiles) character file.

Game seed: 15458902058969325056

450 wormed the Chopper (level 6, 0/56 HPs)
             Began as a Minotaur Berserker on Dec 19, 2022.
             Was a Priest of Trog.
             Slain by a gnoll
             ... wielding a +0 spear
              (8 damage)
             ... on level 4 of the Dungeon.
             The game lasted 00:06:49 (2984 turns).

wormed the Chopper (Minotaur Berserker)             Turns: 2984, Time: 00:06:50

Health: 0/56       AC:  9    Str: 24    XL:     6   Next: 74%
Magic:  5/5        EV:  8    Int:  4    God:    Trog [***...]
Gold:   164        SH:  0    Dex:  9    Spells: 5/5 levels left

rFire   . . .      SeeInvis .   a - +1 hand axe
rCold   . . .      Faith    .   (no shield)
rNeg    . . .      Spirit   .   b - +0 chain mail
rPois   .          Reflect  .   (helmet restricted)
rElec   .          Harm     .   (no cloak)
rCorr   .          Rampage  .   (no gloves)
Will    .....                   (no boots)
Stlth   ..........              (no amulet)
HPRegen 0.18/turn               (no ring)
MPRegen 0.09/turn               (no ring)

@: no status effects
A: horns 2, retaliatory headbutt
a: Renounce Religion, Berserk, Trog's Hand


You were on level 4 of the Dungeon.
You worshipped Trog.
Trog was most pleased with you.
You visited 1 branch of the dungeon, and saw 4 of its levels.

You collected 164 gold pieces.

Inventory:

Hand Weapons
 a - a +1 hand axe (weapon)
Armour
 b - a +0 chain mail (worn)
Jewellery
 k - a ring of fire
Wands
 h - a wand of flame (9)
Scrolls
 c - a scroll of identify
 e - a scroll of amnesia {unknown}
 j - a scroll of teleportation {unknown}
Potions
 d - a potion of attraction
 f - a potion of lignification
 g - 2 potions of mutation {unknown}
 i - a potion of flight {unknown}


   Skills:
 + Level 5.1 Fighting
 * Level 6.4 Axes
 + Level 4.5 Armour
 - Level 2.1 Dodging
 + Level 3.5 Shields


You had 5 spell levels left.
You didn't know any spells.
Your spell library was empty.

Dungeon Overview and Level Annotations

Branches:
Dungeon (4/15)
 Temple: D:4-7

Altars:

Shops:
D:1 *


Innate Abilities, Weirdness & Mutations

You have a pair of horns on your head.
You reflexively headbutt those who attack you in melee.


Message History

The gnoll hits you but does no damage. The gnoll hits you with a +0 spear.
You hit the gnoll. Your headbutt misses the gnoll.
The gnoll is heavily wounded.
The gnoll hits you from afar with a +0 spear.
The gnoll hits you with a +0 spear.
You hit the gnoll.
The gnoll is severely wounded.
The gnoll barely misses you. The gnoll hits you with a +0 spear.
You hit the gnoll. Your headbutt misses the gnoll.
The gnoll is severely wounded.
The gnoll barely misses you. The gnoll hits you but does no damage.
You hit the gnoll but do no damage.
The gnoll is severely wounded.
The gnoll zaps a wand.
You suddenly lose the ability to move!
The gnoll hits you with a +0 spear.
The gnoll throws a throwing net.
The throwing net hits you.
You become entangled in the net!
The gnoll hits you with a +0 spear. The gnoll hits you with a +0 spear.
The gnoll hits you from afar with a +0 spear.
The gnoll zaps a wand.
You resist with some effort. The gnoll hits you with a +0 spear.
The gnoll hits you from afar with a +0 spear.
The gnoll hits you with a +0 spear.
* * * LOW HITPOINT WARNING * * *
You can move again.
You tear a large gash into the net.
The gnoll hits you but does no damage. The gnoll completely misses you.
You struggle against the net.
The gnoll hits you from afar with a +0 spear.
* * * LOW HITPOINT WARNING * * *
The gnoll hits you but does no damage.
You shred the net and break free!
The gnoll hits you from afar with a +0 spear.
* * * LOW HITPOINT WARNING * * *
The gnoll hits you with a +0 spear.
* * * LOW HITPOINT WARNING * * *
You hit the gnoll.
The gnoll is almost dead.
The gnoll hits you from afar with a +0 spear!
You die...

##...## #...#
##...##
#.....##
##.)....#
##).###...# .
##))## #.....
....###.†##
#.....
......)@##
....#
.....gg.#
#...#
......... ...#
..........
...........
............
.............
..............


You could see 2 gnolls.

Vanquished Creatures
  Sigmund (D:2)
  A howler monkey (D:4)
  An orc priest (D:3)
  Jessica (D:2)
  3 orc wizards
  A gnoll (D:4)
  4 adders
  A worm (D:3)
  4 dart slugs
  5 orcs
  4 endoplasms
  5 giant cockroaches
  7 goblins
  3 hobgoblins
  5 jackals
  2 quokkas (D:1)
  14 ball pythons
  4 bats
  5 frilled lizards
  4 kobolds
  7 rats
82 creatures vanquished.

Notes
Turn   | Place    | Note
-------+----------+-------------------------------------------
     0 | D:1      | wormed the Minotaur Berserker began the quest for the Orb.
     0 | D:1      | Reached XP level 1. HP: 19/19 MP: 0/0
   343 | D:1      | Reached XP level 2. HP: 27/27 MP: 1/1
   347 | D:1      | Reached skill level 4 in Axes
   405 | D:1      | Reached skill level 1 in Shields
   533 | D:1      | Found Miasom's Assorted Antiques.
   752 | D:1      | Found a faded altar of an unknown god.
  1052 | D:2      | Reached XP level 3. HP: 33/33 MP: 2/2
  1058 | D:2      | Reached ** piety under Trog
  1253 | D:2      | Noticed Jessica
  1257 | D:2      | Killed Jessica
  1258 | D:2      | Reached XP level 4. HP: 40/40 MP: 3/3
  1343 | D:2      | Noticed Sigmund
  1351 | D:2      | Killed Sigmund
  1352 | D:2      | Reached skill level 5 in Axes
  1352 | D:2      | Reached XP level 5. HP: 27/47 MP: 4/4
  2119 | D:3      | Reached XP level 6. HP: 51/55 MP: 5/5
  2284 | D:3      | Reached skill level 6 in Axes
  2467 | D:3      | Reached *** piety under Trog
  2881 | D:4      | Reached skill level 5 in Fighting
  2976 | D:4      | Paralysed by a gnoll for 5 turns
  2984 | D:4      | Slain by a gnoll

Illustrated notes

Levels and vault maps discovered:
D:1:      elethiomel_arrival_infinity_welcomes_careful_drivers, layout_basic,
          serial_shops, nicolae_shop_temple_entry_statues_fountains,
          basic_ecumenical_altar
D:2:      layout_loops_ring, serial_park_tiny_1, minivault_24, uniq_sigmund,
          uniq_jessica
D:3:      minmay_chambers_of_twos, layout_basic, saegor_snake_ambush
D:4:      layout_layer_cave, trog_three_pillars_becter, st_stairs_6

Skill      XL: |  1  2  3  4  5  6 |
---------------+-------------------+-----
Axes           | 4 5 6 |  6.4
Shields        | 1 2 3 |  3.5
Fighting       | 4 5 |  5.1
Armour         | 3 4 |  4.5
Dodging        | |  2.1

Action                   |  1- 3 |  4- 6 || total
-------------------------+-------+-------++-------
Melee: Hand axe          |    68 |   108 ||   176
       Headbutt          |     6 |    15 ||    21
Invok: Berserk           |       |     1 ||     1
  Use: Scroll            |       |     2 ||     2
       Potion            |       |     1 ||     1
Armor: Ring mail         |     5 |       ||     5
       Chain mail        |    28 |    79 ||   107
       Animal skin       |     2 |       ||     2
Dodge: Dodged            |    32 |    49 ||    81
